 Dungeon Crawl Stone Soup version 0.31-a0-859-g9dce7d3444 (webtiles) character file.

Game seed: 13509087006882464660

1647999 Vorhees the Sorcerer (level 27, 211/211 HPs)
             Began as a Djinni Wanderer on Oct 1, 2023.
             Was an Initiate of Gozag.
             Escaped with the Orb
             ... and 3 runes on Oct 9, 2023!
             The game lasted 03:04:22 (69690 turns).

Vorhees the Sorcerer (Djinni Wanderer)             Turns: 69690, Time: 03:04:22

Health: 211/211    AC: 16    Str: 17    XL:     27
Gold:   4121       EV: 20    Int: 33    God:    Gozag SH: 17 Dex: 17

rFire   + + +        f - +6 sling of Ilohif {drain, rC+ rCorr MP+9 Int+4}
rCold   + + .        U - +3 kite shield {rF+}
rNeg    + + +        j - +0 troll leather armour {Pargi}
rPois   ∞            H - +2 helmet {SInv}
rElec   .            u - +1 cloak
rCorr   +            V - +2 pair of gloves {hurl}
SInv    +            (boots unavailable)
Will    +++..        R - amulet of Temperance {Acrobat rF+ rC+ rN+ Slay+3}
Stlth   +            K - ring of Cowardice {rC+ rN++ Will+ Slay+4}
HPRegen 1.35/turn    g - ring of Suspicion {AC+4 Int+3 Dex+4 Stlth+}
MPRegen 0.00/turn

%: acrobat
@: flying, studying Armour, bribing [the Dungeon, the Depths]
A: sickness immunity, fire resistance 2, cold vulnerability 1, float, innate
caster, HP casting, extra vitality 1, strong 2
0: Orb of Zot
}: 3/15 runes: decaying, slimy, gossamer
a: Renounce Religion, Potion Petition, Call Merchant, Bribe Branch


You escaped.
You worshipped Gozag.
Gozag was most pleased with you.
You visited 12 branches of the dungeon, and saw 55 of its levels.
You also visited: Ossuary and Gauntlet.

You collected 30631 gold pieces.
You spent 2437 gold pieces at shops.
You paid 24073 gold pieces to Gozag.

Inventory:

Hand Weapons
 b - the +6 morningstar of Ruedaez {vamp, Fragile Will+++ Dex+4}
   (You found it on level 3 of the Elven Halls)

   Dex+4:     It affects your dexterity (+4).
   Will+++:   It greatly increases your willpower.
   Fragile:   It will be destroyed if unequipped.
 f - the +6 sling of Ilohif (weapon) {drain, rC+ rCorr MP+9 Int+4}
   (You found it on level 2 of the Dungeon)

   Int+4:     It affects your intelligence (+4).
   rC+:       It protects you from cold.
   MP+9:      It affects your magic capacity (+9).
   rCorr:     It protects you from acid and corrosion.
 Y - the +2 mace of Eraefiem {flame, rElec rPois Int+3}
   (You found it on level 3 of the Crypt)

   Int+3:     It affects your intelligence (+3).
   rElec:     It insulates you from electricity.
   rPois:     It protects you from poison
Missiles
 c - a throwing net
Armour
 j - a +0 troll leather armour (worn) {Pargi}
 u - a +1 cloak (worn)
 H - a +2 helmet of see invisible (worn)
 L - the +3 hat of Pondering {ponderous, Will+ MP+10 Int+5}
   (You took it off Gastronok on level 1 of the Lair of Beasts)

   Int+5:     It affects your intelligence (+5).
   Will+:     It increases your willpower.
   MP+10:     It affects your magic capacity (+10).
 U - a +3 kite shield of fire resistance (worn)
 V - a +2 pair of gloves of hurling (worn)
 W - the +0 leather armour "Lipsy" {-Tele rF+ Will+ SInv}
   (You found it on level 3 of the Crypt)

   rF+:       It protects you from fire.
   Will+:     It increases your willpower.
   SInv:      It lets you see invisible.
   -Tele:     It prevents most forms of teleportation.
Magical Staves
 a - a staff of air
Jewellery
 g - the ring of Suspicion (right hand) {AC+4 Int+3 Dex+4 Stlth+}
   (You found it in a Gauntlet)

   [ring of protection]

   AC+4:      It affects your AC (+4).
   Int+3:     It affects your intelligence (+3).
   Dex+4:     It affects your dexterity (+4).
   Stlth+:    It makes you more stealthy.
 x - an amulet of regeneration
 K - the ring of Cowardice (left hand) {rC+ rN++ Will+ Slay+4}
   (You found it on level 3 of the Elven Halls)

   [ring of slaying]

   Slay+4:    It affects your accuracy & damage with ranged weapons and melee
   (+4).
   rC+:       It protects you from cold.
   rN++:      It greatly protects you from negative energy.
   Will+:     It increases your willpower.
 N - the ring "Badubb" {Will+ Int+4 Dex+6 Slay-5}
   (You found it on level 2 of the Depths)

   [ring of dexterity]

   Int+4:     It affects your intelligence (+4).
   Dex+6:     It affects your dexterity (+6).
   Slay-5:    It affects your accuracy & damage with ranged weapons and melee
   (-5).
   Will+:     It increases your willpower.
 R - the amulet of Temperance (around neck) {Acrobat rF+ rC+ rN+ Slay+3}
   (You took it off a deep elf pyromancer on level 3 of the Elven Halls)

   [amulet of the acrobat]

   Acrobat:   It increases your evasion while moving and waiting.
   Slay+3:    It affects your accuracy & damage with ranged weapons and melee
   (+3).
   rF+:       It protects you from fire.
   rC+:       It protects you from cold.
   rN+:       It protects you from negative energy.
Wands
 m - a wand of acid (21)
 p - a wand of roots (37)
 t - a wand of charming (67)
 w - a wand of mindburst (49)
 z - a wand of polymorph (24)
 G - a wand of flame (71)
 T - a wand of digging (12)
Scrolls
 i - a scroll of revelation
 o - 22 scrolls of teleportation
 v - 7 scrolls of poison
 y - 13 scrolls of immolation
 I - 3 scrolls of fog
 X - 2 scrolls of fear
Potions
 d - a potion of heal wounds
 h - 3 potions of cancellation
 l - 10 potions of lignification
 n - 7 potions of attraction
 r - 9 potions of might
 s - 5 potions of haste
 A - 2 potions of berserk rage
 B - 7 potions of ambrosia
 C - 7 potions of brilliance
 D - 2 potions of invisibility
 E - 8 potions of mutation
 F - 16 potions of curing
 J - 8 potions of enlightenment
 P - a potion of resistance


   Skills:
 * Level 21.6 Fighting
 - Level 2.6 Staves
 - Level 10.5 Ranged Weapons
 - Level 6.7 Armour
 * Level 15.4 Dodging
 - Level 3.6 Stealth
 * Level 15.0 Shields
 * Level 26.8 Spellcasting
 * Level 26.8 Conjurations
 * Level 26.8 Hexes
 * Level 26.8 Summonings
 * Level 26.8 Necromancy
 * Level 26.8 Translocations
 * Level 26.8 Transmutations
 * Level 26.8 Fire Magic
 * Level 26.8 Ice Magic
 * Level 26.8 Air Magic
 * Level 26.8 Earth Magic
 * Level 26.8 Poison Magic
 - Level 4.5 Evocations


You knew the following spells:

 Your Spells              Type           Power      Damage    Failure   Level
a - Mephitic Cloud        Conj/Pois/Air  100%       N/A       0%          3
b - Sting                 Tmut/Pois      100%       1d8       0%          1
c - Foxfire               Conj/Fire      100%       2x1d9     0%          1
d - Passwall              Tmut/Erth      100%       N/A       0%          2
e - Ignite Poison         Fire/Tmut/Pois 100%       N/A       0%          3
f - Hailstorm             Conj/Ice       100%       3d20      0%          3
g - Olgreb's Toxic Radia  Pois           100%       N/A       0%          4
h - Fireball              Conj/Fire      60%        3d23      0%          5
i - Plasma Beam           Fire/Air       60%        2x1d76    0%          6
j - Monstrous Menagerie   Summ           60%        N/A       0%          7
k - Ozocubu's Refrigerat  Ice            60%        4d20      0%          7
l - Enfeeble              Hex            60%        N/A       0%          7
m - Infestation           Necr           60%        N/A       1%          8
n - Borgnjor's Revivific  Necr           60%        N/A       1%          8
o - Fire Storm            Conj/Fire      60%        8d15      1%          9

Your spell library contained the following spells:

 Spells                   Type           Power      Damage    Failure   Level


Dungeon Overview and Level Annotations

Branches:
Dungeon (15/15)            Temple (1/1) D:6            Lair (5/5) D:10
  Swamp (4/4) Lair:2       Spider (4/4) Lair:2        Slime (5/5) Lair:5
    Orc (2/2) D:10            Elf (3/3) Orc:2        Vaults (4/5) D:14
  Crypt (3/3) Vaults:3       Tomb (0/3) Crypt:3      Depths (4/4) D:15
    Zot (5/5) Depths:4    Ossuary (visited)         Gauntlet (visited)

Altars:
Ashenzari
Cheibriados
Dithmenos
Elyvilon
Fedhas
Gozag
Hepliaklqana
Makhleb
Nemelex Xobeh
Okawaru
Qazlal
Ru
Trog
Uskayaw
Wu Jian
Xom
Yredelemnul
Zin
The Shining One

Shops:
D:1 *   D:4 :   D:9 ?   D:12 [   Orc:2 ([*![![*   Elf:3 (   Vaults:1 ?
Vaults:4 (   Depths:1 (*   Depths:3 ::=   Depths:4 (

Portals:
Hell: Depths:1 Depths:2 Depths:3 Depths:4
Abyss: Depths:3
Pandemonium: Depths:2 Depths:3 Depths:4
Ziggurat: Depths:2
Trove: D:11 (show abyssal rune of Zot)

Annotations:
Spider:1 3 runed translucent doors, WINGSOFCHICKEN's ghost, journeyman MiBe
Elf:2 3 runed translucent doors
Vaults:1 2 transporters, Nizokhlo's ghost, veteran DrCj
Vaults:3 1 runed translucent door
Zot:3 1 transporter


Innate Abilities, Weirdness & Mutations

You are immune to sickness and miasma.
You are immune to poison.
Your flesh is very heat resistant. (rF++)
You are vulnerable to cold. (rC-)
You float through the air rather than walking.
You learn spells naturally, not from books.
Your magical power is your life essence.
You have superior vitality. (+4 MHP)
Your muscles are very strong. (Str +8, Int/Dex -2)


Message History

Something hits the cacodemon.
Something hits the cacodemon but does no damage.
You fly upwards.
There is a stone staircase leading down here.
There is an escape hatch in the ceiling here.
A mysterious force pulls you upwards. The hatch slams shut behind you.
Unknown command.
There is a stone staircase leading up here.
You fly upwards.
There is a stone staircase leading down here.
There is a stone staircase leading up here.
Unknown command.
Unknown command.
You fly upwards.
There is a stone staircase leading down here.
Aiming: Dig
Press: ? - help, Shift-Dir - straight line You can't see that place. [a rock wall.]
The rock shatters into small pieces.
Your Orb Guardian grins greedily, jangling a coin purse.
An Orb Guardian comes into view.
There is an open door here.
Casting: Plasma Beam (safe; 0% risk of failure)
Confirm with . or Enter, or press ? or * to list all spells.
You can't see any susceptible monsters within range! (Use Z to cast anyway.) Unknown command.
Unknown command.
Casting: Plasma Beam (safe; 0% risk of failure)
Confirm with . or Enter, or press ? or * to list all spells.
You can't see any susceptible monsters within range! (Use Z to cast anyway.) Unknown command.
Unknown command.
Aiming: Dig
Press: ? - help, Shift-Dir - straight line You can't see that place. [a tree.]
The rock shatters into small pieces.
There is a staircase leading out of the dungeon here.
You have escaped!

#≈≈~~......♣P.P♣♣.##...##
#≈≈≈....♣.♣#########'')##
#≈≈~......P#..###........
#≈≈~~......#...#.######..
#≈≈≈~.....P#..#.## ##'
#≈≈≈........#.### ###.
#≈≈~.....♣♣##.# ######...
#≈≈≈♣..X♣♣ ##.###..'..⌠.⌠
#≈≈≈♣..P@♣ #...##.###..∩.
#≈≈≈♣♣♣♣♣♣ #...[..'.#.⌠.⌠
#≈♣♣♣ #...####.##... #≈♣
##.## ##.#.## #≈♣ #.#
###+#. #♣♣ #.# #... # #.#
##'# #.# #.# #.## #.#


You could see a friendly Orb Guardian.

Vanquished Creatures
  the Royal Jelly (Slime:5)
  Mara (Swamp:3)
  An orb of fire (Zot:1)
  A pandemonium lord (Depths:1)
  Vv (Depths:4)
  Margery (Depths:4)
  2 caustic shrikes
  Saint Roka (Depths:4)
  A curse toe (Zot:2)
  Nikola (Swamp:2)
  7 golden dragons
  Jory (Depths:3)
  Arachne (Spider:2)
  Jorgrun (Orc:2)
  An Ice Fiend (Depths:1)
  Rupert (D:12)
  5 liches
  3 Orb Guardians
  3 electric golems
  9 tentacled monstrosities
  A walking crystal tome (Depths:2)
  Mlioglotl (Swamp:3)
  6 death cobs
  30 acid blobs
  2 deep elf master archers (Elf:3)
  2 deep elf blademasters (Elf:3)
  2 quicksilver dragons (Zot:1)
  Kirke (D:12)
  A sphinx (Crypt:3)
  Frances (Swamp:1)
  5 ancient champions
  Gastronok (Lair:1)
  4 storm dragons
  4 tengu reavers
  A thorn hunter (Swamp:3)
  6 shadow dragons
  4 draconian monks
  A revenant (Crypt:1)
  Aizul (Swamp:3)
  Agnes (Spider:2)
  Donald (Spider:3)
  27 rockslimes
  20 azure jellies
  3 draconian knights
  7 deep elf sorcerers (Elf:3)
  3 iron dragons (Depths:2)
  2 fire giants
  5 emperor scorpions
  14 vault wardens
  5 frost giants
  2 balrugs
  A caustic shrike zombie (Crypt:3)
  An angel (D:13)
  A juggernaut zombie (Crypt:2)
  4 deep elf elementalists (Elf:3)
  7 ghost moths
  2 curse skulls
  4 draconian scorchers
  3 draconian shifters
  A draconian stormcaller (Zot:2)
  4 ghouls
  12 quicksilver oozes
  A reaper (Depths:1)
  29 very ugly things
  A war gargoyle (Vaults:2)
  10 formless jellyfish
  An orc warlord (Vaults:3)
  A spriggan defender (Depths:3)
  10 ironbound thunderhulks
  4 broodmothers
  8 ironbound preservers
  A juggernaut skeleton (Crypt:2)
  11 vampire knights
  2 deep elf demonologists (Elf:3)
  6 deep elf annihilators
  9 green draconians
  4 black draconians
  5 stone giants
  3 bunyips
  9 spark wasps
  A minotaur (Gauntlet)
  5 eleionomae
  2 red draconians (Zot:3)
  5 white draconians
  Azrael (D:12)
  10 dire elephants
  13 yellow draconians
  12 purple draconians
  Snorg (D:10)
  2 green deaths (Swamp:4)
  3 eidola
  10 ettins
  15 fire dragons
  3 blizzard demons
  9 deep elf death magi
  16 jiangshi
  16 great orbs of eyes
  2 entropy weavers
  8 deep elf high priests (Elf:3)
  7 yaktaur captains
  4 rakshasas
  11 ice dragons
  4 ghost crabs
  9 vault guards
  20 hydras
  4 spriggan air magi
  A hell beast (Swamp:4)
  3 jorogumos
  A spriggan skeleton (Crypt:2)
  2 ogre magi (Orc:2)
  2 peacekeepers (Vaults:3)
  5 alligators
  8 radroaches
  A sphinx zombie (Crypt:1)
  5 catoblepae
  13 ironbound frosthearts
  7 centaur warriors
  2 dancing weapons (Crypt:3)
  11 two-headed ogres
  2 death knights
  A hell hog (Gauntlet)
  16 death yaks
  12 deep troll shamans
  4 tengu warriors
  8 boulder beetles
  A titan zombie (Crypt:3)
  Urug (Orc:2)
  2 thrashing horrors (Swamp:4)
  8 deep troll earth magi
  Sonja (D:10)
  5 spriggan berserkers
  6 demonic crawlers
  6 spriggans
  A storm dragon zombie (Crypt:1)
  7 deep elf knights
  8 vampire magi
  3 sun demons
  34 skeletal warriors
  4 sun moths
  2 skysharks
  4 soul eaters
  13 hell knights
  10 iron trolls
  4 pharaoh ants
  2 anaconda zombies (Crypt:3)
  2 shadow wraiths
  8 goliath frogs
  A spriggan druid (Swamp:2)
  33 deep trolls
  8 wizards
  7 orb spiders
  6 glowing orange brains
  An anaconda skeleton (Crypt:2)
  2 shadow demons
  5 flayed ghosts
  8 swamp dragons
  16 ironbound convokers
  12 bog bodies
  A fenstrider witch simulacrum (Crypt:1)
  7 lindwurms
  20 phantasmal warriors
  2 orc knights (Orc:2)
  11 necromancers
  5 deep elf archers
  5 steelbarb worms
  22 deep elf pyromancers
  45 ugly things
  A glowing shapeshifter (Vaults:3)
  A human zombie (Vaults:2)
  2 orc sorcerers
  A faun (shapeshifter) (Depths:3)
  A draconian zombie (Crypt:3)
  A tengu skeleton (Vaults:4)
  23 deep elf zephyrmancers
  21 moths of wrath
  3 will-o-the-wisps
  2 oklob plants (Zot:2)
  5 manticores
  6 shining eyes
  22 wolf spiders
  6 cyclopes
  9 elephants
  2 centaur zombies (Crypt:3)
  6 rust devils
  11 vault sentinels
  Joseph (D:7)
  2 human skeletons
  A torpor snail (shapeshifter) (Elf:1)
  4 black mambas
  A fire giant skeleton (Crypt:3)
  A frost giant skeleton (Vaults:4)
  A cane toad (shapeshifter) (Depths:3)
  2 stone giant skeletons
  3 smoke demons
  7 cane toads
  3 eyes of devastation
  6 spriggan zombies
  A dire elephant skeleton (Crypt:3)
  6 torpor snails
  2 yaktaur zombies
  56 yaktaurs
  A gargoyle (D:12)
  A catoblepas zombie (Crypt:3)
  A minotaur zombie (Gauntlet)
  2 orange demons
  An unseen horror zombie (Crypt:1)
  A shock serpent skeleton (Crypt:3)
  2 unseen horrors
  7 rime drakes
  An efreet (D:14)
  3 freezing wraiths
  15 komodo dragons
  2 tormentors
  4 guardian mummies (Crypt:3)
  4 tengu conjurers
  A minotaur skeleton (Crypt:2)
  A polar bear (Lair:1)
  13 trolls
  3 red devils
  A death yak skeleton (Crypt:1)
  10 meliai
  3 hellwings (Depths:2)
  A hydra zombie (Crypt:3)
  3 bloated husks
  4 harpy zombies (Crypt:3)
  7 hornets
  30 tarantellas
  Grinder (D:3)
  2 harpy skeletons
  7 tyrant leeches
  18 blink frogs
  A hydra skeleton (Crypt:1)
  A fire giant simulacrum (Vaults:4)
  11 flying skulls
  2 ettin zombies
  A merfolk zombie (Crypt:3)
  128 slime creatures
  A slime creature (shapeshifter) (Depths:4)
  12 dream sheep (Lair:5)
  16 culicivoras
  A stone giant simulacrum (Depths:1)
  35 jumping spiders
  16 wraiths
  7 shadows
  2 air elementals
  5 wyverns
  2 ettin skeletons
  2 vampires
  6 fire elementals
  2 ynoxinuls
  4 water elementals
  5 hogs (D:12)
  57 yaks
  Grum (D:10)
  A naga simulacrum (Crypt:1)
  3 fire bats (Gauntlet)
  An elf skeleton (Vaults:4)
  18 golden eyes
  14 vampire mosquitoes
  4 neqoxecs
  A steam dragon (D:8)
  3 basilisks
  2 chaos spawn
  43 redbacks
  A harpy simulacrum (Crypt:3)
  A glowing shapeshifter zombie (Crypt:2)
  2 wargs
  14 swamp worms
  A faun zombie (Crypt:3)
  2 acid dragons
  A naga skeleton (Crypt:2)
  A demonspawn zombie (Crypt:2)
  An entropy weaver zombie (Crypt:3)
  A naga zombie (Crypt:3)
  4 hell hounds
  17 water moccasins
  Pargi (D:3)
  A manticore zombie (Crypt:1)
  12 orc warriors
  A two-headed ogre skeleton (Crypt:2)
  A black bear (D:5)
  An ice beast (D:6)
  2 sky beasts
  An ettin simulacrum (Depths:1)
  8 wolves
  26 centaurs
  19 ogres
  A snapping turtle skeleton (Crypt:2)
  3 kobold brigands
  16 bullfrogs
  2 scorpions
  A yaktaur skeleton (Crypt:1)
  2 gnoll sergeants
  A komodo dragon skeleton (Crypt:1)
  5 wights
  A yak zombie (Crypt:2)
  20 killer bees
  3 electric eels (Spider:1)
  A yak skeleton (Crypt:1)
  3 howler monkeys
  A lava snake (Lair:2)
  11 orc priests
  2 bullfrog zombies (Crypt:2)
  2 hounds (D:6)
  25 jellies
  A quasit (D:10)
  3 gnoll boudas
  3 sleepcaps
  11 hell rats
  A scorpion zombie (Crypt:1)
  Natasha (thrice) (D:2)
  13 orc wizards
  A boggart skeleton (Crypt:3)
  An acid dragon skeleton (Crypt:2)
  A human simulacrum (D:14)
  A mummy (Ossuary)
  Robin (D:4)
  12 gnolls
  9 adders
  2 river rats (D:4)
  A shadow imp (D:5)
  A white imp (D:6)
  A worm zombie (Crypt:2)
  A worm (D:2)
  3 dart slugs
  65 orcs
  7 endoplasms
  3 giant cockroaches
  17 goblins
  6 hobgoblins
  2 jackals (D:3)
  27 kobolds
  6 quokkas
  4 ball pythons
  2 bats (D:1)
  3 frilled lizards
  A frilled lizard skeleton (Crypt:2)
  8 gnoll skeletons (Ossuary)
  A gnoll zombie (Crypt:3)
  7 kobold skeletons (Ossuary)
  10 orc skeletons (Ossuary)
  5 rats
  A rat zombie (Crypt:1)
  2 fire vortices
2252 creatures vanquished.

Vanquished Creatures (collateral kills)
  2 ancient liches
  Mennas (Vaults:4)
  A curse toe (Zot:4)
  3 golden dragons
  2 electric golems (Zot:5)
  A tentacled monstrosity (Zot:3)
  6 Orb Guardians (Zot:5)
  An acid blob (Slime:5)
  A death cob (Zot:3)
  2 shadow dragons (Zot:3)
  An azure jelly (Slime:5)
  A draconian scorcher (Zot:3)
  2 deep elf sorcerers (Elf:3)
  A ghost moth (Zot:5)
  A draconian shifter (Zot:4)
  2 deep elf elementalists
  A quicksilver ooze (Slime:5)
  4 draconian stormcallers
  2 green draconians
  2 red draconians
  A deep elf annihilator (Elf:3)
  A white draconian (Zot:4)
  A crystal guardian (Vaults:3)
  2 yellow draconians
  A jiangshi (Crypt:3)
  A deep elf high priest (Elf:3)
  9 dancing weapons
  A sixfirhy (D:5)
  A skeletal warrior (Crypt:3)
  2 deep elf pyromancers
  A phantasmal warrior (Crypt:2)
  A shadow dragon zombie (Crypt:3)
  5 deep elf zephyrmancers
  An orc sorcerer (Elf:3)
  A moth of wrath (Zot:4)
  A rust devil (D:5)
  2 orange demons (D:5)
  2 fire elementals
  3 earth elementals
  A wolf skeleton (Crypt:3)
  3 jellies (Zot:2)
  A fire vortex (Zot:3)
79 creatures vanquished.

Vanquished Creatures (others)
  A dread lich (Zot:5)
  3 ancient liches
  An orb of fire (Zot:5)
  4 Killer Klowns (Zot:5)
  5 tentacled monstrosities
  18 Orb Guardians (Zot:5)
  A quicksilver dragon (Zot:5)
  A death cob (Zot:3)
  4 draconian monks (Zot:3)
  A storm dragon (Zot:3)
  2 draconian knights
  A draconian scorcher (Zot:3)
  3 draconian stormcallers
  2 draconian annihilators
  3 green draconians (Zot:3)
  3 yellow draconians
  2 black draconians
  2 red draconians (Zot:4)
  A deep elf zephyrmancer (Elf:1)
  3 moths of wrath
  A water elemental (Elf:2)
  3 jellies (Zot:2)
  A human simulacrum (D:14)
  2 orcs (D:8)
  121 fire vortices
  9 foxfires
198 creatures vanquished.

Grand Total: 2529 creatures vanquished

Notes
Turn   | Place    | Note
-------+----------+-------------------------------------------
     0 | D:1      | Vorhees the Djinni Wanderer began the quest for the Orb.
     0 | D:1      | Vorhees set off with the following items: a +2
                  | quarterstaff, a +0 pair of gloves, a scroll of
                  | vulnerability, a +0 robethe following spells memorised:
                  | Mephitic Cloud, Sting.
     0 | D:1      | Reached XP level 1. HP: 15/15 MP: 0/0
    40 | D:1      | Found Abihel's Assorted Antiques.
   235 | D:1      | Reached XP level 2. HP: 20/21 MP: 0/0
   731 | D:1      | Reached XP level 3. HP: 20/25 MP: 0/0
   731 | D:1      | Learned a level 1 spell: Foxfire
  1199 | D:2      | Identified the +6 sling of Ilohif {drain, rC+ rCorr MP+9
                  | Int+4}
  1365 | D:2      | Reached XP level 4. HP: 31/31 MP: 0/0
  1421 | D:2      | Noticed Natasha
  1424 | D:2      | Killed Natasha
  1425 | D:2      | Reached skill level 1 in Ranged Weapons
  1613 | D:2      | Noticed Natasha
  1615 | D:2      | Killed Natasha
  1616 | D:2      | Reached XP level 5. HP: 34/36 MP: 0/0
  1616 | D:2      | Learned a level 2 spell: Passwall
  1699 | D:2      | Noticed Natasha
  1701 | D:2      | Killed Natasha
  1702 | D:2      | Reached skill level 1 in Fighting
  1937 | D:3      | Noticed Grinder
  1940 | D:3      | Paralysed by Grinder for 3 turns
  1956 | D:3      | HP: 1/37 [Grinder (3)]
  1964 | D:3      | Paralysed by Grinder for 4 turns
  1969 | D:3      | Killed Grinder
  1970 | D:3      | Reached XP level 6. HP: 6/43 MP: 0/0
  2156 | D:3      | Reached XP level 7. HP: 48/48 MP: 0/0
  2156 | D:3      | Learned a level 3 spell: Ignite Poison
  2227 | D:3      | Noticed Pargi
  2235 | D:3      | Killed Pargi
  2827 | D:4      | Noticed Robin
  2832 | D:4      | Killed Robin
  2970 | D:4      | Found Geheo's Vocational Training.
  3152 | D:4      | Reached XP level 8. HP: 42/55 MP: 0/0
  3429 | D:4      | Found a hazy altar of Hepliaklqana.
  3443 | D:4      | Found a white marble altar of Elyvilon.
  3704 | D:4      | Reached skill level 5 in Ranged Weapons
  3904 | D:5      | Entered Level 5 of the Dungeon
  4466 | D:6      | Found a sand-covered staircase.
  4494 | Ossuary  | Entered an ossuary
  4494 | Ossuary  | Noticed a wraith
  4494 | Ossuary  | Noticed a wraith
  4494 | Ossuary  | Noticed a wraith
  4556 | Ossuary  | Noticed a wraith
  4571 | Ossuary  | Killed a wraith
  4572 | Ossuary  | Reached XP level 9. HP: 61/61 MP: 0/0
  4572 | Ossuary  | Learned a level 3 spell: Hailstorm
  4933 | D:6      | Found a stormy altar of Qazlal.
  5360 | D:6      | Found a staircase to the Ecumenical Temple.
  5438 | Temple   | Entered the Ecumenical Temple
  5466 | Temple   | Became a worshipper of Gozag Ym Sagoz the Greedy
  5525 | D:7      | Reached skill level 5 in Spellcasting
  5525 | D:7      | Reached skill level 5 in Conjurations
  5525 | D:7      | Reached skill level 5 in Hexes
  5525 | D:7      | Reached skill level 5 in Summonings
  5525 | D:7      | Reached skill level 5 in Necromancy
  5525 | D:7      | Reached skill level 5 in Translocations
  5525 | D:7      | Reached skill level 5 in Transmutations
  5525 | D:7      | Reached skill level 5 in Fire Magic
  5525 | D:7      | Reached skill level 5 in Ice Magic
  5525 | D:7      | Reached skill level 5 in Air Magic
  5525 | D:7      | Reached skill level 5 in Earth Magic
  5525 | D:7      | Reached skill level 5 in Poison Magic
  5725 | D:7      | Noticed Joseph
  5757 | D:7      | Killed Joseph
  5758 | D:7      | Reached XP level 10. HP: 69/69 MP: 0/0
  5879 | D:7      | Reached skill level 5 in Fighting
  6680 | D:8      | Identified a scroll of acquirement
  6680 | D:8      | Acquired 1036 gold pieces
  6707 | D:9      | Reached skill level 10 in Ranged Weapons
  6892 | D:9      | Reached XP level 11. HP: 76/76 MP: 0/0
  6892 | D:9      | Learned a level 4 spell: Olgreb's Toxic Radiance
  7096 | D:9      | Found Fekaoj's Magic Scroll Boutique.
  7335 | D:10     | Entered Level 10 of the Dungeon
  7424 | D:10     | Noticed Sonja
  7427 | D:10     | Killed Sonja
  7496 | D:10     | Found a staircase to the Lair.
  7531 | D:10     | Noticed a two-headed ogre
  7534 | D:10     | Killed a two-headed ogre
  7802 | D:10     | Noticed a boulder beetle
  7803 | D:10     | Noticed Grum
  7806 | D:10     | Killed Grum
  7808 | D:10     | Killed a boulder beetle
  7865 | D:10     | Reached XP level 12. HP: 79/85 MP: 0/0
  7950 | D:10     | Found a blossoming altar of Fedhas.
  7950 | D:10     | Found a glowing golden altar of the Shining One.
  8013 | D:10     | Noticed Snorg
  8021 | D:10     | Killed Snorg
  8038 | D:10     | Found a staircase to the Orcish Mines.
  8795 | D:11     | Found a portal to a secret trove of treasure.
  8873 | D:11     | You are sucked into a shaft and drop 1 floor!
  8888 | D:12     | Noticed Rupert
  8889 | D:12     | Paralysed by Rupert for 5 turns
  9126 | D:12     | Noticed Kirke
  9132 | D:12     | Killed Kirke
  9172 | D:12     | Reached skill level 10 in Spellcasting
  9172 | D:12     | Reached skill level 10 in Conjurations
  9172 | D:12     | Reached skill level 10 in Hexes
  9172 | D:12     | Reached skill level 10 in Summonings
  9172 | D:12     | Reached skill level 10 in Necromancy
  9172 | D:12     | Reached skill level 10 in Translocations
  9172 | D:12     | Reached skill level 10 in Transmutations
  9172 | D:12     | Reached skill level 10 in Fire Magic
  9172 | D:12     | Reached skill level 10 in Ice Magic
  9172 | D:12     | Reached skill level 10 in Air Magic
  9172 | D:12     | Reached skill level 10 in Earth Magic
  9172 | D:12     | Reached skill level 10 in Poison Magic
  9263 | D:12     | Paralysed by Rupert for 5 turns
  9705 | D:11     | Reached XP level 13. HP: 67/92 MP: 0/0
  9705 | D:11     | Learned a level 5 spell: Fireball
 10073 | Lair:1   | Entered Level 1 of the Lair of Beasts
 10205 | Lair:1   | Noticed a catoblepas
 10211 | Lair:1   | Killed a catoblepas
 10212 | Lair:1   | Reached skill level 1 in Shields
 10554 | Lair:1   | Noticed Gastronok
 10561 | Lair:1   | Killed Gastronok
 10824 | Lair:2   | Noticed a seven-headed hydra
 10883 | Lair:2   | Killed a seven-headed hydra
 11118 | Lair:2   | Noticed a four-headed hydra
 11123 | Lair:2   | Noticed an eight-headed hydra
 11127 | Lair:2   | Killed a four-headed hydra
 11128 | Lair:2   | Killed an eight-headed hydra
 11168 | Lair:2   | Noticed an eight-headed hydra
 11172 | Lair:2   | Killed an eight-headed hydra
 11190 | Lair:2   | Identified the +7 chain mail of the Boiling Point {Dex+5}
 11253 | Lair:2   | Found a hole to the Spider Nest.
 11393 | Lair:2   | Found a staircase to the Swamp.
 11769 | Lair:3   | Found a gate leading to a gauntlet.
 11812 | Gauntlet | Entered a Gauntlet
 11812 | Gauntlet | Found a transporter.
 11812 | Gauntlet | Found a transporter.
 11813 | Gauntlet | Found a transporter.
 11816 | Gauntlet | Found a transporter.
 11826 | Gauntlet | Found a transporter.
 11894 | Gauntlet | Found a transporter.
 11904 | Gauntlet | Found a transporter.
 11919 | Gauntlet | Found a transporter.
 11931 | Gauntlet | Found a transporter.
 11944 | Gauntlet | Found a transporter.
 11950 | Gauntlet | Found a transporter.
 11971 | Gauntlet | Found a transporter.
 12108 | Gauntlet | Identified the ring of Suspicion {AC+4 Int+3 Dex+4 Stlth+}
 12135 | Gauntlet | Noticed a minotaur
 12140 | Gauntlet | Killed a minotaur
 12263 | Lair:3   | Identified the +6 trident of Expedience {freeze, rN++ Str+3
                  | Int-3 Stlth+}
 12328 | Lair:3   | Reached XP level 14. HP: 88/97 MP: 0/0
 13611 | Lair:4   | Reached skill level 15 in Spellcasting
 13611 | Lair:4   | Reached skill level 15 in Conjurations
 13611 | Lair:4   | Reached skill level 15 in Hexes
 13611 | Lair:4   | Reached skill level 15 in Summonings
 13611 | Lair:4   | Reached skill level 15 in Necromancy
 13611 | Lair:4   | Reached skill level 15 in Translocations
 13611 | Lair:4   | Reached skill level 15 in Transmutations
 13611 | Lair:4   | Reached skill level 15 in Fire Magic
 13611 | Lair:4   | Reached skill level 15 in Ice Magic
 13611 | Lair:4   | Reached skill level 15 in Air Magic
 13611 | Lair:4   | Reached skill level 15 in Earth Magic
 13611 | Lair:4   | Reached skill level 15 in Poison Magic
 13679 | Lair:4   | Identified the ring of Poiwnuene {rN+ Will+}
 14036 | Lair:5   | Entered Level 5 of the Lair of Beasts
 14208 | Lair:5   | Reached XP level 15. HP: 103/103 MP: 0/0
 14208 | Lair:5   | Learned a level 6 spell: Plasma Beam
 14868 | Lair:5   | Found a staircase to the Slime Pits.
 15606 | Orc:1    | Entered Level 1 of the Orcish Mines
 15855 | Orc:2    | Entered Level 2 of the Orcish Mines
 15856 | Orc:2    | Paralysed by an orc sorcerer for 5 turns
 15861 | Orc:2    | Noticed Urug
 16048 | Orc:2    | Found Xiuzio Zasm's Armour Boutique.
 16048 | Orc:2    | Found Piqem's Distillery.
 16048 | Orc:2    | Found Qausm's Assorted Antiques.
 16050 | Orc:2    | Reached XP level 16. HP: 54/108 MP: 0/0
 16086 | Orc:2    | Killed Urug
 16096 | Orc:2    | Found Acics's Distillery.
 16154 | Orc:2    | Noticed Jorgrun
 16160 | Orc:2    | Killed Jorgrun
 16511 | Orc:2    | Found a staircase to the Elven Halls.
 16687 | Orc:2    | Bought a heavily runed leather armour for 252 gold pieces
 16687 | Orc:2    | Identified the +2 leather armour "Juomuin" {Int+2} (You
                  | bought it in a shop on level 2 of the Orcish Mines)
 16690 | Orc:2    | Bought a smouldering dagger for 238 gold pieces
 16690 | Orc:2    | Identified the +0 dagger "Ubes" {pain, Str-2 Int+2 SInv}
                  | (You bought it in a shop on level 2 of the Orcish Mines)
 16695 | Orc:2    | Bought a potion of heal wounds for 130 gold pieces
 16695 | Orc:2    | Bought a scroll of blinking for 195 gold pieces
 16808 | D:12     | Noticed Azrael
 17108 | D:12     | Killed Azrael
 17314 | D:12     | Found Buecub's Antique Armour Emporium.
 17376 | D:12     | Killed Rupert
 17389 | D:12     | Identified the +3 ring mail of the Poles {Dex+3}
 17783 | Spider:1 | Entered Level 1 of the Spider Nest
 17797 | Spider:1 | Noticed an emperor scorpion
 17807 | Spider:1 | Killed an emperor scorpion
 17857 | Spider:1 | Noticed an emperor scorpion
 17861 | Spider:1 | Killed an emperor scorpion
 18150 | Spider:1 | Reached skill level 5 in Shields
 18196 | Spider:1 | Noticed WINGSOFCHICKEN's ghost (journeyman MiBe)
 18198 | Spider:1 | Found a runed translucent gate.
 18199 | Spider:1 | Found a runed translucent gate.
 18200 | Spider:1 | Found a runed translucent gate.
 18220 | Spider:1 | Found the +5 glaive of the Guard {elec, spectral}
 18262 | Spider:1 | Identified the +7 battleaxe of the Beginning {holy, Int+2}
 18489 | Spider:1 | Reached XP level 17. HP: 113/117 MP: 0/0
 18489 | Spider:1 | Learned a level 7 spell: Monstrous Menagerie
 19483 | Spider:2 | Reached skill level 10 in Fighting
 19505 | Spider:2 | Noticed Agnes
 19512 | Spider:2 | Killed Agnes
 19983 | Spider:2 | Noticed Arachne
 19989 | Spider:2 | Killed Arachne
 20689 | Spider:3 | Noticed Donald
 20692 | Spider:3 | Killed Donald
 21143 | Spider:4 | Entered Level 4 of the Spider Nest
 21173 | Spider:4 | Reached XP level 18. HP: 120/128 MP: 0/0
 21494 | Spider:4 | Identified the +0 pair of gloves "Agreiny" {Str+2}
 22162 | Spider:4 | Got a gossamer rune of Zot
 22402 | Swamp:1  | Entered Level 1 of the Swamp
 22411 | Swamp:1  | Noticed Frances
 22416 | Swamp:1  | Killed Frances
 23233 | Swamp:2  | Identified the +6 war axe "Taenoexi" {protect, Fragile
                  | rElec MP+9 Dex+2}
 23250 | Swamp:2  | Reached skill level 10 in Shields
 23527 | Swamp:2  | Identified the +8 spear "Hell-Harrower" {drain, *Slow rN++
                  | rCorr}
 23706 | Swamp:2  | Noticed Nikola
 23712 | Swamp:2  | Killed Nikola
 23713 | Swamp:2  | Reached XP level 19. HP: 108/137 MP: 0/0
 23713 | Swamp:2  | Learned a level 7 spell: Ozocubu's Refrigeration
 24122 | Swamp:3  | Noticed Mara
 24139 | Swamp:3  | Killed Mara
 24358 | Swamp:3  | Noticed Aizul
 24364 | Swamp:3  | Killed Aizul
 24501 | Swamp:3  | Noticed Mlioglotl
 24507 | Swamp:3  | Killed Mlioglotl
 24810 | Swamp:4  | Entered Level 4 of the Swamp
 25874 | Swamp:4  | Got a decaying rune of Zot
 27062 | D:13     | Identified the +4 scimitar "Buinuce" {venom, Will+ rCorr
                  | Stlth+}
 27621 | D:14     | Found a gate to the Vaults.
 27972 | D:15     | Entered Level 15 of the Dungeon
 27990 | D:15     | Reached XP level 20. HP: 142/147 MP: 0/0
 28206 | D:15     | Found the +9 scales of the Dragon King {rPois rF+ rC+
                  | Will+}
 28337 | D:15     | Found a staircase to the Depths.
 28914 | D:15     | Upgraded the game from 0.31-a0-845-g9abc20d24f to
                  | 0.31-a0-846-gb3bcc0d938
 28969 | Vaults:1 | Entered Level 1 of the Vaults
 29127 | Vaults:1 | Found Qaxtuh's Magic Scroll Boutique.
 29441 | Vaults:1 | Reached skill level 5 in Dodging
 29633 | Vaults:1 | Found a transporter.
 29636 | Vaults:1 | Found a bloodstained altar of Trog.
 29644 | Vaults:1 | Found a transporter.
 29651 | Vaults:1 | Noticed Nizokhlo's ghost (veteran DrCj)
 31327 | Vaults:2 | Reached skill level 15 in Fighting
 31558 | Vaults:2 | Reached XP level 21. HP: 105/155 MP: 0/0
 31558 | Vaults:2 | Learned a level 7 spell: Enfeeble
 31903 | Vaults:2 | Upgraded the game from 0.31-a0-846-gb3bcc0d938 to
                  | 0.31-a0-848-gaac375c287
 31903 | Vaults:2 | Upgraded the game from 0.31-a0-848-gaac375c287 to
                  | 0.31-a0-859-g9dce7d3444
 32584 | Vaults:3 | Found a staircase to the Crypt.
 32866 | Vaults:3 | Identified the ring of Neipy {Wiz rC+ rN+ Str+4}
 33282 | Vaults:3 | Found a runed translucent door.
 33814 | Vaults:4 | Reached skill level 10 in Dodging
 33870 | Vaults:4 | Noticed Mennas
 34434 | Vaults:4 | Killed Mennas
 34504 | Vaults:4 | Reached XP level 22. HP: 108/165 MP: 0/0
 34746 | Vaults:4 | Found Xowaj's Weapon Shop.
 35885 | Elf:1    | Entered Level 1 of the Elven Halls
 36325 | Elf:1    | You are sucked into a shaft and drop 1 floor!
 36346 | Elf:2    | Paralysed by an air elemental for 1 turns
 37128 | Elf:1    | Identified the +6 scale mail of Dogma {Int+9}
 37872 | Elf:2    | Found a runed translucent gate.
 37873 | Elf:2    | Found a runed translucent gate.
 37873 | Elf:2    | Found a runed translucent gate.
 38035 | Elf:3    | Entered Level 3 of the Elven Halls
 38049 | Elf:3    | Found Tamiskol's Antique Weapon Shop.
 38983 | Elf:3    | Reached XP level 23. HP: 164/174 MP: 0/0
 38983 | Elf:3    | Learned a level 8 spell: Infestation
 39102 | Elf:3    | Identified the amulet of Temperance {Acrobat rF+ rC+ rN+
                  | Slay+3}
 39489 | Elf:3    | Identified the +0 long sword "Reawk" {speed, rN++ Str-3
                  | Int+2}
 39501 | Elf:3    | Identified the ring of Hatza {Drain rElec rF+ Str+6}
 39539 | Elf:3    | Identified the +6 morningstar of Ruedaez {vamp, Fragile
                  | Will+++ Dex+4}
 39544 | Elf:3    | Identified the +5 arbalest "Leviticus" {freeze, Will+
                  | Int+4}
 39565 | Elf:3    | Identified the ring of Cowardice {rC+ rN++ Will+ Slay+4}
 39569 | Elf:3    | Identified the +9 longbow of the Revolution {drain, rPois
                  | rF+}
 40043 | Depths:1 | Entered Level 1 of the Depths
 41705 | Depths:1 | Found a gateway to Hell.
 41818 | Depths:1 | Found Gierph's Assorted Antiques.
 41818 | Depths:1 | Found Lefuokki's Weapon Shop.
 41833 | Depths:1 | Bought a scroll of teleportation for 75 gold pieces
 41833 | Depths:1 | Bought a scroll of blinking for 187 gold pieces
 42506 | Depths:2 | Noticed a caustic shrike
 42511 | Depths:2 | Killed a caustic shrike
 42575 | Depths:2 | Reached XP level 24. HP: 173/184 MP: 0/0
 42789 | Depths:2 | Identified the ring "Badubb" {Will+ Int+4 Dex+6 Slay-5}
 42828 | Depths:2 | Identified the +3 sling "Zuhaloxu" {speed, rPois Str+2}
 42928 | Depths:2 | Found a one-way gateway to a ziggurat.
 43328 | Depths:2 | Found a one-way gate leading to the halls of Pandemonium.
 43426 | Depths:2 | Found a shimmering altar of Xom.
 43595 | Depths:3 | Noticed Jory
 43609 | Depths:3 | Killed Jory
 44324 | Depths:3 | Found a hazy altar of Hepliaklqana.
 44328 | Depths:3 | Identified the +8 falchion "Zathuhy" {pain, rPois SInv}
 44346 | Depths:3 | Noticed a golden dragon
 44355 | Depths:3 | Noticed a caustic shrike
 44358 | Depths:3 | Killed a golden dragon
 44362 | Depths:3 | Killed a caustic shrike
 44546 | Depths:3 | Found a hide-covered altar of Uskayaw.
 45379 | Depths:3 | Found Zimativi's Jewellery Boutique.
 45379 | Depths:3 | Found Reocvo's Book Emporium.
 45380 | Depths:3 | Found Sereebo's Book Emporium.
 45390 | Depths:3 | Bought a manual of Armour for 1360 gold pieces
 45495 | Depths:3 | Found a one-way gate to the infinite horrors of the Abyss.
 45649 | Depths:4 | Entered Level 4 of the Depths
 45853 | Depths:4 | Found Lununu's Antique Weapon Boutique.
 46060 | Depths:4 | Found a basalt altar of Yredelemnul.
 46311 | Depths:4 | Noticed a golden dragon
 46320 | Depths:4 | Noticed Margery
 46325 | Depths:4 | Killed Margery
 46520 | Depths:4 | Reached XP level 25. HP: 167/193 MP: 0/0
 46520 | Depths:4 | Learned a level 8 spell: Borgnjor's Revivification
 46744 | Depths:4 | Found a gate to the Realm of Zot.
 47286 | Depths:4 | Noticed Vv
 47301 | Depths:4 | Killed Vv
 47527 | Depths:4 | Found a sacrificial altar of Ru.
 47541 | Depths:4 | Noticed Saint Roka
 47547 | Depths:4 | Killed Saint Roka
 48399 | Slime:1  | Entered Level 1 of the Pits of Slime
 51843 | Slime:4  | Gained mutation: Your muscles are strong. (Str +4, Int/Dex
                  | -1) [a shining eye]
 52722 | Slime:5  | Entered Level 5 of the Pits of Slime
 52792 | Slime:5  | Gained mutation: You have hidden genetic defects. [a
                  | shining eye]
 52829 | Slime:4  | Lost mutation: You have hidden genetic defects. [potion of
                  | mutation]
 52829 | Slime:4  | Lost mutation: Your muscles are strong. (Str +4, Int/Dex
                  | -1) [potion of mutation]
 52829 | Slime:4  | Gained mutation: Your muscles are strong. (Str +4, Int/Dex
                  | -1) [potion of mutation]
 52829 | Slime:4  | Gained mutation: Your muscles are very strong. (Str +8,
                  | Int/Dex -2) [potion of mutation]
 53017 | Slime:5  | Reached XP level 26. HP: 183/200 MP: 0/0
 53543 | Slime:5  | Noticed the Royal Jelly
 53892 | Slime:5  | Killed the Royal Jelly
 54375 | Slime:5  | Identified the ring "Dink" {+Blink SInv Stlth+}
 54406 | Slime:5  | Identified the +5 morningstar of Pride {freeze, Int+2}
 54419 | Slime:5  | Identified the ring "Bunair" {rN+ Will+}
 54422 | Slime:5  | Got a slimy rune of Zot
 54485 | Slime:5  | Identified the +6 glaive of Termination {holy, Str+2}
 55216 | Zot:1    | Entered Level 1 of the Realm of Zot
 55907 | Crypt:1  | Entered Level 1 of the Crypt
 56645 | Crypt:1  | Identified the +6 trident "Ihunel" {protect, rC+ rN+}
 56775 | Crypt:1  | Identified the +1 cloak of the Blind Marksman {rElec rC+
                  | Int-5}
 58120 | Crypt:2  | Identified the +5 long sword of Kismet {pain, rC- Will+
                  | rCorr}
 58921 | Crypt:3  | Entered Level 3 of the Crypt
 59175 | Crypt:3  | Reached skill level 5 in Armour
 59175 | Crypt:3  | Reached XP level 27. HP: 137/205 MP: 0/0
 59175 | Crypt:3  | Learned a level 9 spell: Fire Storm
 59357 | Crypt:3  | Found a staircase to the Tomb.
 59590 | Crypt:3  | Found a basalt altar of Yredelemnul.
 59694 | Crypt:3  | Identified the +2 mace of Eraefiem {flame, rElec rPois
                  | Int+3}
 59695 | Crypt:3  | Identified the +0 leather armour "Lipsy" {-Tele rF+ Will+
                  | SInv}
 61461 | Zot:1    | Noticed an orb of fire
 62152 | Zot:1    | Killed an orb of fire
 64806 | Zot:3    | Found a transporter.
 64946 | Zot:3    | Identified the +2 glaive of the Narrow God {pain, rCorr
                  | Int+4}
 65153 | Zot:3    | Noticed an ancient lich
 65170 | Zot:3    | Killed an ancient lich
 65243 | Zot:3    | Identified the +11 mace of Victory {venom, rPois}
 65266 | Zot:3    | Identified the +7 scimitar of Muulykil {freeze, rElec
                  | Str+2}
 65702 | Zot:4    | Identified the +4 falchion "Imusaiw" {freeze, rF+ Dex+5}
 65810 | Zot:4    | Noticed an orb of fire
 66125 | Zot:4    | Noticed an orb of fire
 66218 | Zot:4    | Identified the +4 mace "Pitong" {drain, rPois}
 66635 | Zot:4    | Identified the +6 dagger of Expedience {vamp, *Noise Will++
                  | Int+3 SInv}
 67212 | Zot:5    | Entered Level 5 of the Realm of Zot
 67983 | Zot:5    | Noticed a Killer Klown
 67990 | Zot:5    | Killed a dread lich
 67995 | Zot:5    | Killed a Killer Klown
 68001 | Zot:5    | Noticed an ancient lich
 68002 | Zot:5    | Noticed an orb of fire
 68004 | Zot:5    | Noticed an ancient lich
 68006 | Zot:5    | Killed an ancient lich
 68007 | Zot:5    | Reached skill level 15 in Dodging
 68026 | Zot:5    | Noticed a Killer Klown
 68095 | Zot:5    | Noticed an orb of fire
 68150 | Zot:5    | Noticed a Killer Klown
 68184 | Zot:5    | Killed a Killer Klown
 68193 | Zot:5    | Killed an ancient lich
 68212 | Zot:5    | Killed an orb of fire
 68570 | Zot:5    | Noticed an orb of fire
 68644 | Zot:5    | Noticed an orb of fire
 68832 | Zot:5    | Got the Orb of Zot
 68875 | Zot:5    | Noticed Beman the pandemonium lord
 69122 | Depths:1 | Noticed Mush the pandemonium lord
 69139 | Depths:1 | Killed Mush the pandemonium lord
 69185 | Depths:1 | Noticed a seraph
 69242 | D:15     | Reached skill level 15 in Shields
 69307 | D:14     | Noticed Kuikhli the pandemonium lord
 69690 | D:$      | Escaped with the Orb!

Illustrated notes

Levels and vault maps discovered:
D:1:      kennysheep_arrival_seaside, layout_loops_corners, serial_shops,
          nicolae_shop_rolling_square, dk_noncrumbling_4,
          wander_ebering_terrifying_dragon_lair
D:2:      layout_rooms, uniq_natasha
D:3:      layout_basic, dk_noncrumbling_3, uniq_grinder, uniq_pargi
D:4:      minmay_chambers_of_fours, layout_basic,
          nicolae_overflow_two_pavilions, gup_sewer_entry_bubbles,
          grunt_decor_one_mirror, nicolae_shop_vocational, uniq_robin
D:5:      layout_rooms, minmay_crystal_room
D:6:      layout_loops_corners, nicolae_qazlal_eye_of_the_storm,
          minmay_temple_entry_enclosed_plants,
          lightli_ossuary_entry_decrepit_ruins
D:7:      layout_gridville, uniq_joseph
D:8:      layout_rooms
D:9:      layout_long_grid, serial_shops, kennysheep_little_box,
          chequers_serial_rivers_micro_e
D:10:     layout_irregular_city, gammafunk_temple_overflow_pools,
          due_lair_maze_entry_diamond, minmay_orc_entry_temple_small,
          serial_demonic, serial_demonic_g, serial_demonic_a, serial_demonic_b,
          serial_demonic_b, minmay_circle_x, uniq_grum, uniq_snorg, uniq_sonja
D:11:     layout_irregular_city, enter_trove_6
D:12:     layout_roguey, serial_shops, nicolae_shop_tiny_real_fake_doors,
          uniq_azrael, uniq_kirke, uniq_rupert
D:13:     layout_basic, hex_intersection, nrook_mini_vaults
D:14:     layout_cave_pods, hellmonk_vaults_order_and_chaos,
          fiery_altar_vehumet, bh_circular_ruins
D:15:     hangedman_depths_entry_civil_slaughter, layout_stronghold, hex_medium
Temple:   nicolae_temple_bog_church
Lair:1:   layout_gridlike, nicolae_quartered_pool_super, uniq_gastronok
Lair:2:   layout_gridlike, minmay_swamp_entry_worms,
          hellmonk_spider_entry_not_the_bees
Lair:3:   layout_regular_city, gauntlet_entry_generic
Lair:4:   layout_regular_city, grunt_megastairs_1, lemuel_fruit_fields
Lair:5:   evilmike_catoblepas_cave, layout_regular_city,
          dpeg_slime_entry_enclosed
Swamp:1:  layout_falls_marsh, evilmike_swamp_ruin_rubble_2, uniq_frances
Swamp:2:  layout_basic_swamp, evilmike_swamp_ruin_wall, uniq_nikola
Swamp:3:  layout_falls_marsh, serial_swamp_ruin, evilmike_swamp_ruin_house_4,
          evilmike_swamp_ruin_house_2, evilmike_swamp_ruin_rubble_1,
          swamp_pool2, uniq_mlioglotl, uniq_mara, uniq_aizul
Swamp:4:  swamp_vile, layout_basic_swamp, infiniplex_staircase_pool_2
Spider:1: nicolae_spider_hilbert_zone_4 [nicolae_spider_hilbert_4_sides_2_open,
          nicolae_spider_hilbert_4_sides_1_open,
          nicolae_spider_hilbert_4_sides_1_open,
          nicolae_spider_hilbert_4_sides_1_open,
          nicolae_spider_hilbert_4_sides_1_open,
          nicolae_spider_hilbert_2_sides_1_open,
          nicolae_spider_hilbert_2_sides_1_open,
          nicolae_spider_hilbert_2_sides_1_open,
          nicolae_spider_hilbert_2_sides_1_open,
          nicolae_spider_hilbert_6_sides_1_open,
          nicolae_spider_hilbert_6_sides_1_open,
          nicolae_spider_hilbert_3_sides_1_open,
          nicolae_spider_hilbert_3_sides_1_open], gammafunk_ghost_split,
          nicolae_spider_bzzzt
Spider:2: layout_spider_delve, nicolae_spider_solar_radiation,
          hangedman_spider_tarantella_strand, uniq_arachne, uniq_agnes
Spider:3: layout_cave_pods, uniq_donald
Spider:4: grunt_spider_rune_parallel, hellmonk_motheaten_closet
Slime:1:  layout_caves, nicolae_slime_ancient_tower_intersection
Slime:2:  layout_caves, cheibrodos_slime_lost_civilization_5
Slime:3:  cheibrodos_slime_lost_civilization_3, layout_caves,
          nicolae_slime_welcoming_committee
Slime:4:  layout_caves
Slime:5:  slime_pit_nicolae_royal_road_to_ruin
Orc:1:    layout_caves, nicolae_orc_bridge_out, uniq_maurice
Orc:2:    st_orc_open, layout_caves, uniq_jorgrun, uniq_urug
Elf:1:    minmay_elf_arrival_plus, layout_geoelf_grid, minmay_elf_annihilation,
          lemuel_upstairs_altar
Elf:2:    nicolae_elf_blades_crystal_corner, layout_geoelf_diagonals
Elf:3:    minmay_elf_hall_hex, layout_rooms, serial_shops,
          nicolae_shop_hallway_stairs, minivault_16
Vaults:1: gammafunk_ghost_wrathful_warriors, vaults_dpeg_cross,
          nicolae_vaults_two_Ls, dpeg_vaults_monster_box,
          nicolae_vaults_stairing_the_circle, v_misc_10,
          nicolae_vaults_closet_pinwheel_1, vaults_mumra_minichess,
          vaults_mumra_chevron, layout_vaults_chaotic_city, serial_shops,
          nicolae_square_shop
Vaults:2: nicolae_vaults_spaceships, nicolae_vaults_six-pack,
          ontoclasm_vaults_shout, vaults_room_pool,
          nicolae_vaults_hexular_roomagon, v_misc_23,
          nicolae_vaults_angled_halls, vaults_room_hallway,
          nicolae_vaults_circle_grid_b, vaults_mumra_lcd,
          nicolae_vaults_apartment_1, nicolae_vaults_mini_display_case,
          layout_vaults_maze_snakey
Vaults:3: minmay_crypt_entry_simple_sparse, nicolae_vaults_hexular_roomagon,
          hangedman_vaults_stretched_pinwheel, nicolae_vaults_specimen_jars,
          nicolae_vaults_meiosis, nicolae_vaults_network_periphery,
          nicolae_vaults_oozy_zoo, nicolae_vaults_little_squares_4,
          nicolae_vaults_door_testing_chamber, nicolae_vaults_trapezoid_layered,
          nicolae_vaults_tetromino_L_1, nicolae_vaults_little_squares_4,
          layout_vaults_ring
Vaults:4: v_misc_19, nicolae_vaults_what_the_h, nicolae_vaults_tetromino_T_1,
          hangedman_vaults_hat, hangedman_vaults_snaps,
          nicolae_vaults_taking_the_gang_shopping, v_misc_2, v_pattern_4,
          nicolae_vaults_house_3, layout_vaults_omnicross, uniq_mennas
Crypt:1:  layout_regular_city, st_stairs_12
Crypt:2:  layout_misc_corridors, hex_tiny, tombwall_bobbens, grunt_megastairs_5
Crypt:3:  church_of_pain_bobbens, layout_chaotic_city, tomb_entry_simple_bobbens
Depths:1: layout_basic, lightli_too_deep, hangedman_decor_riveting,
          evilmike_butchery, minmay_shoptagon, grunt_megastairs_3,
          serial_bayou_shore_b
Depths:2: hangedman_cross_cluster, layout_cave_pools, enter_ziggurat_e,
          hell_entry, grunt_pan_entry_sceptre, xom_teletrap_fun
Depths:3: hourglass_vault, layout_honeycomb, abyss_entry,
          nicolae_hepliaklqana_hazy_memory, hangedman_tar_grid_catacomb,
          rand_demon_pan_entry_3, nicolae_uskayaw_murder_on_the_dancefloor,
          infiniplex_staircase_zigzag_4, minmay_shop_grove, uniq_jory
Depths:4: grunt_x_marks_the_spot, layout_gridlike, hell_entry,
          yredelemnul_altar_generic, serial_shops,
          nicolae_shop_getting_attention, grunt_pan_entry_zigzag,
          grunt_ministairs_9, nicolae_ru_sacrificial_ziggurat, uniq_margery,
          uniq_vv, uniq_saint_roka
Zot:1:    layout_gridlike, st_small_dragon_hoard_5
Zot:2:    lemuel_acid_trip, layout_cathedral_of_symmetry
Zot:3:    gammafunk_sealed_library, layout_twisted_circle, grunt_ministairs_6
Zot:4:    layout_cathedral_of_symmetry, st_small_dragon_hoard_1
Zot:5:    layout_gridlike

Skill      XL: |  1  2  3  4  5  6  7  8  9 10 11 12 13 14 15 16 17 18 19 20 21 22 23 24 25 26 27 |
---------------+----------------------------------------------------------------------------------+-----
Spellcasting   | 2 3 4 5 8 10 13 15 17 18 19 20 21 22 23 25 26 | 26.8
Conjurations   | 2 3 4 5 8 10 13 15 17 18 19 20 21 22 23 25 26 | 26.8
Hexes          | 2 3 4 5 8 10 13 15 17 18 19 20 21 22 23 25 26 | 26.8
Summonings     | 2 3 4 5 8 10 13 15 17 18 19 20 21 22 23 25 26 | 26.8
Necromancy     | 2 3 4 5 8 10 13 15 17 18 19 20 21 22 23 25 26 | 26.8
Translocations | 2 3 4 5 8 10 13 15 17 18 19 20 21 22 23 25 26 | 26.8
Transmutations | 2 3 4 5 8 10 13 15 17 18 19 20 21 22 23 25 26 | 26.8
Fire Magic     | 2 3 4 5 8 10 13 15 17 18 19 20 21 22 23 25 26 | 26.8
Ice Magic      | 2 3 4 5 8 10 13 15 17 18 19 20 21 22 23 25 26 | 26.8
Air Magic      | 2 3 4 5 8 10 13 15 17 18 19 20 21 22 23 25 26 | 26.8
Earth Magic    | 2 3 4 5 8 10 13 15 17 18 19 20 21 22 23 25 26 | 26.8
Poison Magic   | 2 3 4 5 8 10 13 15 17 18 19 20 21 22 23 25 26 | 26.8
Ranged Weapons | 1 3 4 6 8 10 | 10.5
Fighting       | 1 2 3 4 6 7 9 11 12 14 15 16 17 19 20 21 | 21.6
Evocations     | 2 3 4 |  4.5
Shields        | 2 3 5 8 10 12 15 | 15.0
Dodging        | 3 7 10 11 12 15 | 15.4
Armour         | 5 6 |  6.7
Stealth        | 2 3 |  3.6
Staves         | |  2.6

Action                     |  1- 3 |  4- 6 |  7- 9 | 10-12 | 13-15 | 16-18 | 19-21 | 22-24 | 25-27 || total
---------------------------+-------+-------+-------+-------+-------+-------+-------+-------+-------++-------
  Melee: Quarterstaff      |    19 |       |       |       |       |       |       |       |       ||    19
   Fire: Sling             |    28 |    52 |   283 |   305 |   157 |     3 |     5 |    10 |    14 ||   857
   Cast: Sting             |    21 |       |    39 |       |       |       |       |       |       ||    60
         Ignite Poison     |       |       |     5 |    65 |   131 |   147 |     8 |       |       ||   356
         Mephitic Cloud    |       |       |     5 |       |       |       |       |       |       ||     5
         Foxfire           |       |       |     1 |     2 |       |       |       |       |       ||     3
         Olgreb's Toxic Ra |       |       |       |    85 |   182 |   262 |    16 |       |     1 ||   546
         Fireball          |       |       |       |       |    32 |       |       |     1 |     2 ||    35
         Hailstorm         |       |       |       |       |     4 |       |       |       |       ||     4
         Plasma Beam       |       |       |       |       |    34 |   252 |   422 |   368 |   514 ||  1590
         Ozocubu's Refrige |       |       |       |       |       |       |   125 |   259 |   275 ||   659
         Monstrous Menager |       |       |       |       |       |       |     4 |    22 |    19 ||    45
         Enfeeble          |       |       |       |       |       |       |       |     6 |    10 ||    16
         Infestation       |       |       |       |       |       |       |       |     5 |     1 ||     6
         Fire Storm        |       |       |       |       |       |       |       |       |   192 ||   192
 Invoke: Call Merchant     |       |       |       |       |       |     4 |       |       |       ||     4
         Potion Petition   |       |       |       |       |       |       |       |     1 |     7 ||     8
         Bribe Branch      |       |       |       |       |       |       |       |       |     6 ||     6
  Evoke: Wand              |       |       |       |     7 |       |       |     5 |       |     9 ||    21
    Use: Scroll            |     4 |     2 |    13 |     6 |     9 |     9 |     5 |     5 |    21 ||    74
         Potion            |       |     2 |     1 |     2 |     3 |     3 |     2 |     3 |    17 ||    33
   Stab: Sleeping          |     1 |       |       |       |       |       |       |       |       ||     1
 Armour: Robe              |    18 |    10 |     6 |       |       |       |       |       |       ||    34
         Troll leather arm |       |       |   103 |   157 |   120 |    60 |    47 |   101 |   200 ||   788
  Dodge: Dodged            |    26 |     6 |    75 |   118 |    62 |    22 |    24 |    42 |   144 ||   519
  Block: Buckler           |       |       |       |       |    32 |    13 |    10 |       |       ||    55
         Kite shield       |       |       |       |       |       |       |    23 |    53 |   132 ||   208

Table legend: (Time is in decaauts)
 A = Elapsed time spent in this place.
 B = Non-inter-level travel time spent in this place.
 C = Inter-level travel time spent in this place.
 D = Time resting spent in this place.
 E = Time spent auto-exploring this place.
 F = Levels seen in this place.
 G = Mean time per level.
                   A        B        C        D        E       F      G
               +--------+--------+--------+--------+--------+-----+--------+
         Total |  69740 |  62834 |   6906 |  12711 |  37895 |  57 | 1223.5 |
       Dungeon |  15350 |  12833 |   2517 |   1107 |   9707 |  15 | 1023.3 |
        Temple |     44 |      2 |     42 |      0 |      0 |   1 |   44.0 |
          Lair |   5738 |   4918 |    820 |    341 |   3837 |   5 | 1147.6 |
         Swamp |   3452 |   3294 |    158 |    598 |   2051 |   4 |  863.0 |
   Spider Nest |   4572 |   4262 |    310 |    545 |   2848 |   4 | 1143.0 |
    Slime Pits |   6355 |   6006 |    349 |   1175 |   3539 |   5 | 1271.0 |
  Orcish Mines |   1190 |   1053 |    137 |    175 |    730 |   2 |  595.0 |
   Elven Halls |   3950 |   3735 |    215 |   1141 |   1643 |   3 | 1316.7 |
        Vaults |   6997 |   6507 |    490 |   1599 |   3800 |   4 | 1749.2 |
         Crypt |   4535 |   4209 |    326 |   1045 |   2448 |   3 | 1511.7 |
        Depths |   8669 |   7769 |    900 |   2398 |   4025 |   4 | 2167.2 |
           Zot |   8330 |   7693 |    637 |   2586 |   3007 |   5 | 1666.0 |
       Ossuary |    192 |    192 |      0 |      0 |     91 |   1 |  192.0 |
      Gauntlet |    360 |    360 |      0 |      0 |    168 |   1 |  360.0 |
               +--------+--------+--------+--------+--------+-----+--------+

Top non-repeatable levels by time:
Depths:4: 2513 daAuts
Depths:1: 2407 daAuts
Vaults:3: 2242 daAuts
   Zot:2: 2227 daAuts
Vaults:4: 1968 daAuts
Depths:2: 1942 daAuts
 Crypt:3: 1901 daAuts
   Zot:1: 1851 daAuts
Depths:3: 1806 daAuts
   Elf:3: 1755 daAuts
    D:12: 1715 daAuts
   Zot:5: 1703 daAuts
 Slime:5: 1677 daAuts
Vaults:1: 1575 daAuts
    D:10: 1522 daAuts
